Match 24173980
Unlisted

Match 24173980
End
Construct Barracks
Riflemen Squad
Riflemen Squad
M1 Mortar Team
Riflemen Squad
Grenade Package
Construct Medical Station
Selects Armored Battlegroup
Selects Veteran Crews
Infantry Support Center
Riflemen Squad
Selects Fast Deploy
M1918 Browning Automatic Rifles
Selects M8 Scott SPG
Selects UNKNOWN (2160077)
Construct Weapon Support Center
Bazooka Squad
Selects Field Repairs
Bazooka Squad
Construct Tank Depot
Selects War Machine
Riflemen Squad
Riflemen Squad
M18 Hellcat Tank Destroyer
Flat Arthur
我和你的好朋友
Knight Rider
iceman
UH|ck
insane
0
0

Comments sign in to comment!

No comments posted yet!